 Dungeon Crawl Stone Soup version 0.17-a0-146-gd505748 (webtiles) character file.

28712 PolkaDot the Bewitcher (level 13, 0/71 HPs)
             Began as a Vampire Enchanter on Mar 25, 2015.
             Was a High Priest of Ashenzari.
             Slain by an eight-headed hydra (9 damage)
             ... on level 13 of the Dungeon.
             The game lasted 01:00:21 (17529 turns).

PolkaDot the Bewitcher (Vampire Enchanter)         Turns: 17529, Time: 01:00:21

Health: 0/71       AC: 15    Str:  5    XL:     13   Next: 11%
Magic:  3/18       EV: 16    Int: 21    God:    Ashenzari [*****.]
Gold:   786        SH: 11    Dex: 14    Spells: 5 memorised, 5 levels left

rFire  + . .     SeeInvis +     k - +3 dagger (vamp) (curse)
rCold  + + .     Clarity  +     n - +3 leather armour {rF+} (curse)
rNeg   + + +     SustAb   .     v - +0 shield {AC+3} (curse)
rPois  +         Gourm    .     p - +1 hat {SInv} (curse)
rElec  .         Spirit   .     f - +0 cloak (curse)
rCorr  .         Warding  .     (no gloves)
rMut   .         Stasis   .     G - +2 pair of boots (curse)
MR     +....                    B - amulet of regeneration (curse)
Stlth  +++++++++.               j - +1 ring of protection (curse)
                                r - +4 ring of evasion (curse)

@: regenerating slowly, somewhat resistant to hostile enchantments, incredibly
stealthy
A: bottle blood, fangs 3, horns 1, see invisible, frail 1, low mp 1, weak 1,
unbreathing
a: Bat Form, Scrying, Transfer Knowledge, Renounce Religion


You were on level 13 of the Dungeon.
You worshipped Ashenzari.
Ashenzari was extremely pleased with you.
You were near bloodless.

You visited 2 branches of the dungeon, and saw 15 of its levels.
You also visited: Labyrinth, Sewer and Ossuary.

You collected 786 gold pieces.

Inventory:

Hand weapons
 k - a cursed +3 vampiric dagger (weapon)
 M - the +5 falchion "Twiacevu" {freeze, rC- Dex+3 SInv}
   (You found it in a labyrinth)

   It has been specially enchanted to freeze those struck by it, causing extra
   injury to most foes and up to half again as much damage against particularly
   susceptible opponents.
   It can also slow down cold-blooded creatures.
   It affects your dexterity (+3).
   It makes you vulnerable to cold.
   It enhances your eyesight.
Missiles
 z - a throwing net (quivered)
Armour
 f - a cursed +0 cloak (worn)
 n - a cursed +3 leather armour of fire resistance (worn)
 p - a cursed +1 hat of see invisible (worn)
 v - a cursed +0 shield of protection (worn)
 G - a cursed +2 pair of boots (worn)
Jewellery
 j - a cursed +1 ring of protection (right hand)
 r - a cursed +4 ring of evasion (left hand)
 B - a cursed amulet of regeneration (around neck)
Magical devices
 c - a wand of cold (8)
 l - a wand of digging (8)
 y - a wand of magic darts (37)
 C - a wand of disintegration (12)
 K - a wand of disintegration (8)
Scrolls
 a - 3 scrolls of teleportation
 e - 3 scrolls of amnesia
 g - 4 scrolls of immolation
 q - a scroll of fog
 s - 4 scrolls of curse armour
 u - a scroll of recharging
 w - a scroll of enchant armour
 A - 2 scrolls of remove curse
 D - 2 scrolls of magic mapping
 F - 2 scrolls of fear
 H - a scroll of silence
 J - a scroll of summoning
Potions
 b - a potion of might
 d - 2 potions of resistance
 h - 7 potions of curing
 i - a potion of magic
 I - a potion of cancellation
Books
 o - a book of Party Tricks

   Spells                             Type                      Level
   a - Summon Butterflies             Summoning                    1
   b - Apportation                    Translocation                1
   c - Tukima's Dance                 Hexes                        3
   d - Alistair's Intoxication        Transmutation/Poison         4
   e - Invisibility                   Hexes                        6
Miscellaneous
 m - an ornate deck of changes {Placid Magic}


   Skills:
 - Level 7.8(11.8) Short Blades
 - Level 2.1(4.2) Dodging
 + Level 16.7(18.9) Stealth
 - Level 9.7(12.2) Shields
 * Level 3.0 Spellcasting
 + Level 19.0(22.1) Hexes
 - Level 1.3(3.8) Transmutations
 - Level 2.0(5.0) Ice Magic


You had 5 spell levels left.
You knew the following spells:

 Your Spells              Type           Power        Failure   Level  Hunger
a - Corona                Hex            #######      0%          1    None
c - Confuse               Hex            #######.     0%          3    ###....
d - Ensorcelled Hibernat  Hex/Ice        ######       1%          2    ##.....
e - Enslavement           Hex            #######.     1%          4    ####...
p - Passwall              Trmt/Erth      ##........   38%         3    ###....


Dungeon Overview and Level Annotations

Branches:
Dungeon (14/15)            Temple (1/1) D:5            Lair (0/8) D:9
    Orc (0/4) D:9          Vaults (0/5) D:13

Altars:
Ashenzari
Cheibriados
Dithmenos
Elyvilon
Fedhas
Gozag
Kikubaaqudgha
Makhleb
Nemelex Xobeh
Okawaru
Qazlal
Ru
Sif Muna
Trog
Vehumet
Xom
Yredelemnul
Zin
The Shining One

Annotations:
D:5 1 runed door


Innate Abilities, Weirdness & Mutations

You heal slowly.
You can bottle blood from corpses.
You have razor-sharp teeth.
You have supernaturally acute eyesight.
You can survive without breathing.
You have a pair of small horns on your head.
You are frail (-10% HP).
Your magical capacity is low (-10% MP).
You are weak. (Str -2)


Message History

* * * LOW HITPOINT WARNING * * *
The eight-headed hydra completely misses you.
You block the eight-headed hydra's attack.
The eight-headed hydra bites you but does no damage.
Casting: Confuse
Confirm with . or Enter, or press ? or * to list all spells.
Aiming: Confuse
Press: ? - help, Shift-Dir - straight line, f/p - eight-headed hydra
Aim: an eight-headed hydra (chance 50%)
The eight-headed hydra resists with some effort.
* * * LOW MAGIC WARNING * * *
The eight-headed hydra bites you!
* * * LOW HITPOINT WARNING * * *
The eight-headed hydra closely misses you.
You block the eight-headed hydra's attack.
The eight-headed hydra bites you!
* * * LOW HITPOINT WARNING * * *
The eight-headed hydra barely misses you.
The eight-headed hydra bites you!
You die...

#..........# #.........# #......
####†####### ###.####### #......
##.# #..# ####.## ###..# ##.###
#... #...## #...# #... ##.######
#######'##### #... #.......###
#...........# #...
###.###...####...........#####...
#...#.[.#....+>.@D.......'..##...
#####.########...........##..'...
#...#...# #...........#####...
#.#####.# #...........# #...
#.......# ############# #...
###.##### #†.# #...# ###.## ###.#
#.(... #####'###### #.....


You could see an eight-headed hydra.

Vanquished Creatures
  A minotaur (Lab)
  Josephine (D:12)
  The ghost of Creepadon the Cleaver, a powerful HOBe of Trog (D:11)
  Nessos (D:13)
  4 centaur warriors
  A shock serpent (shapeshifter) (D:13)
  2 unseen horrors
  5 hill giants
  A cyclops (D:11)
  An ugly thing (D:12)
  2 manticores (D:13)
  An eye of devastation (shapeshifter) (D:10)
  Maurice (D:9)
  A gargoyle (D:12)
  5 centaur skeletons
  Psyche (D:8)
  3 komodo dragons (D:9)
  A freezing wraith (D:14)
  A yaktaur (shapeshifter) (D:13)
  3 trolls
  A jumping spider (shapeshifter) (D:13)
  A hornet zombie (D:13)
  4 wraiths
  2 wyverns (D:8)
  5 yaks
  A shadow (D:13)
  3 hippogriffs
  Eustachio (D:5)
  A hungry ghost (D:8)
  A deep elf fighter (D:10)
  2 deep elf magi (D:12)
  A vampire mosquito (D:13)
  Edmund (D:5)
  Menkaure (D:5)
  A swamp drake (D:9)
  4 sky beasts
  A black bear (D:8)
  2 phantoms
  2 ice beasts
  4 water moccasins
  9 ogres
  6 orc warriors
  4 necrophages
  3 crocodiles (D:9)
  6 centaurs
  10 big kobolds
  Blork the orc (D:9)
  2 elf zombies (Ossuary)
  11 giant frogs
  A scorpion (D:4)
  A gnoll sergeant (D:10)
  11 wights
  3 jellies
  27 killer bees
  3 hounds
  3 goliath beetles
  A wasp zombie (D:11)
  5 crimson imps
  9 centaur zombies
  7 orc priests
  A giant frog zombie (D:7)
  5 orc wizards
  Crazy Yiuf (D:7)
  3 human zombies (Ossuary)
  3 quasits
  3 giant frog skeletons
  Natasha (thrice) (D:4)
  5 iguanas
  8 worker ants
  2 killer bee zombies
  Ijyb (D:2)
  Jessica (D:2)
  3 hound zombies
  A hound skeleton (D:5)
  4 mummies
  12 gnolls
  5 river rats
  2 giant mites (D:5)
  14 adders
  2 shadow imps
  7 worms
  An adder zombie (D:6)
  An adder skeleton (D:8)
  6 giant geckos
  7 oozes
  32 orcs
  7 ball pythons
  3 bat skeletons
  A bat zombie (D:7)
  16 hobgoblins
  16 jackals
  24 bats
  8 giant cockroaches
  A giant gecko skeleton (D:7)
  6 giant newts
  14 goblins
  A jackal skeleton (D:6)
  29 kobolds
  A quokka (D:10)
  A quokka skeleton (D:4)
  A quokka zombie (D:7)
  21 rats
  2 ballistomycetes (D:9)
  A fungus (D:7)
  A plant (D:11)
486 creatures vanquished.

Vanquished Creatures (collateral kills)
  Nergalle (D:12)
  A centaur zombie (D:12)
  A wraith (D:12)
  An orc warrior (D:10)
  5 wights
  2 orc wizards (D:12)
  A worker ant (D:12)
  A gnoll (D:5)
  2 orcs
15 creatures vanquished.

Vanquished Creatures (others)
  A cyclops (D:12)
  A troll (D:12)
  A wraith (D:12)
  3 killer bees (D:9)
  2 giant spores
  2 bushes (D:7)
  4 plants (D:7)
14 creatures vanquished.

Grand Total: 515 creatures vanquished

Notes
Turn   | Place    | Note
--------------------------------------------------------------
     0 | D:1      | PolkaDot, the Vampire Enchanter, began the quest for the Orb.
     0 | D:1      | Reached XP level 1. HP: 13/13 MP: 3/3
   394 | D:1      | Reached XP level 2. HP: 14/19 MP: 1/4
   496 | D:1      | Learned a level 2 spell: Ensorcelled Hibernation
   734 | D:1      | Reached skill level 5 in Hexes
  1212 | D:1      | Reached XP level 3. HP: 20/24 MP: 3/6
  1628 | D:1      | Reached skill level 5 in Stealth
  1687 | D:1      | Learned a level 3 spell: Confuse
  1759 | D:2      | Noticed Ijyb
  1813 | D:2      | Killed Ijyb
  1813 | D:2      | Reached skill level 1 in Ice Magic
  1876 | D:2      | Reached XP level 4. HP: 30/30 MP: 7/7
  1914 | D:2      | Noticed Jessica
  1961 | D:2      | Killed Jessica
  2198 | D:2      | Found a glowing golden altar of the Shining One.
  3085 | D:3      | Reached skill level 6 in Hexes
  3091 | D:3      | Reached XP level 5. HP: 24/35 MP: 3/9
  3591 | D:4      | Noticed an ogre
  3601 | D:4      | Killed an ogre
  3601 | D:4      | Reached skill level 7 in Hexes
  3601 | D:4      | Reached XP level 6. HP: 41/41 MP: 10/10
  4114 | D:4      | Noticed Natasha
  4121 | D:4      | Killed Natasha
  4133 | D:4      | Noticed an ogre
  4141 | D:4      | Killed an ogre
  4141 | D:4      | Reached skill level 8 in Hexes
  4249 | D:4      | Noticed Natasha
  4260 | D:4      | Killed Natasha
  4291 | D:4      | Noticed Natasha
  4299 | D:4      | Killed Natasha
  4608 | D:4      | Reached XP level 7. HP: 42/46 MP: 4/12
  4741 | D:4      | Learned a level 4 spell: Enslavement
  4796 | D:5      | Entered Level 5 of the Dungeon
  4833 | D:5      | Found a glowing golden altar of the Shining One.
  4838 | D:5      | Noticed an angel
  4839 | D:5      | Found a runed door.
  4861 | D:5      | Noticed Eustachio
  4880 | D:5      | Killed Eustachio
  4958 | D:5      | Found a radiant altar of Vehumet.
  5002 | D:5      | Found a staircase to the Ecumenical Temple.
  5012 | Temple   | Entered the Ecumenical Temple
  5231 | Temple   | Became a worshipper of Ashenzari the Shackled
  5278 | D:5      | Found a glowing drain.
  5297 | Sewer    | Entered a sewer
  5451 | Sewer    | Reached skill level 9 in Hexes
  5649 | Sewer    | Reached skill level 5 in Short Blades
  5885 | Sewer    | Reached XP level 8. HP: 52/52 MP: 7/13
  6021 | Sewer    | Reached skill level 10 in Hexes
  6457 | D:5      | Noticed Menkaure
  6463 | D:5      | Killed Menkaure
  6617 | D:5      | Reached skill level 11 in Hexes
  6746 | D:5      | Noticed Edmund
  6753 | D:5      | Killed Edmund
  6936 | D:6      | Found a sand-covered staircase.
  7048 | Ossuary  | Entered an ossuary
  7574 | Ossuary  | Reached skill level 12 in Hexes
  7843 | Ossuary  | Reached XP level 9. HP: 48/57 MP: 14/14
  8080 | D:6      | Reached skill level 10 in Stealth
  8235 | D:6      | Found a snail-covered altar of Cheibriados.
  8445 | D:6      | Found an ancient bone altar of Kikubaaqudgha.
  8446 | D:6      | Found an iron altar of Okawaru.
  8471 | D:6      | Found a burning altar of Makhleb.
  8977 | D:7      | Noticed a centaur skeleton
  8982 | D:7      | Killed a centaur skeleton
  8982 | D:7      | Reached skill level 13 in Hexes
  9060 | D:7      | Found a blossoming altar of Fedhas.
  9089 | D:7      | Found a basalt altar of Yredelemnul.
  9325 | D:7      | Reached skill level 14 in Hexes
  9668 | D:7      | Acquired Ashenzari's first power
 10201 | D:7      | Reached skill level 15 in Hexes
 10209 | D:7      | Reached XP level 10. HP: 58/63 MP: 6/16
 10488 | D:7      | Noticed Crazy Yiuf
 10497 | D:7      | Killed Crazy Yiuf
 10587 | D:8      | Noticed Psyche
 10608 | D:8      | Killed Psyche
 10844 | D:8      | HP: 3/63 [orc warrior/trident (19)]
 11413 | D:8      | Found a shimmering altar of Xom.
 11458 | D:8      | Reached skill level 16 in Hexes
 11515 | D:8      | Found a burning altar of Makhleb.
 11707 | D:9      | Gained mutation: You have an increased reservoir of magic (+10% MP). [potion of mutation]
 11707 | D:9      | Lost mutation: You have an increased reservoir of magic (+10% MP). [potion of mutation]
 11707 | D:9      | Gained mutation: Your magical capacity is low (-10% MP). [potion of mutation]
 11708 | D:9      | Gained mutation: You are weak. (Str -2) [potion of mutation]
 11708 | D:9      | Gained mutation: You have a pair of small horns on your head. [potion of mutation]
 11708 | D:9      | Gained mutation: You are frail (-10% HP). [potion of mutation]
 12048 | D:9      | Noticed Maurice
 12059 | D:9      | Killed Maurice
 12295 | D:9      | Learned a level 3 spell: Passwall
 12296 | D:9      | Identified 2 scrolls of acquirement
 12370 | D:9      | Noticed Blork the orc
 12378 | D:9      | Killed Blork the orc
 12385 | D:9      | Reached skill level 1 in Shields
 12665 | D:9      | Found a staircase to the Orcish Mines.
 12713 | D:9      | Acquired Ashenzari's second power
 12879 | D:9      | Reached XP level 11. HP: 61/61 MP: 6/15
 12999 | D:9      | Noticed a hill giant
 13000 | D:9      | Killed a hill giant
 13000 | D:9      | Reached skill level 17 in Hexes
 13137 | D:9      | Found a staircase to the Lair.
 13308 | D:10     | Entered Level 10 of the Dungeon
 13308 | D:10     | Noticed an unseen horror
 13317 | D:10     | Killed an unseen horror
 13802 | D:10     | Noticed a hill giant
 13814 | D:10     | Reached skill level 5 in Shields
 13829 | D:10     | Killed a hill giant
 14190 | D:11     | Noticed Creepadon's ghost (powerful HOBe)
 14215 | D:11     | Killed Creepadon's ghost
 14705 | D:11     | Reached skill level 15 in Stealth
 14765 | D:11     | Reached XP level 12. HP: 66/66 MP: 16/16
 14824 | D:11     | Acquired Ashenzari's third power
 14905 | D:11     | Noticed a hill giant
 14914 | D:11     | Killed a hill giant
 15249 | D:12     | Reached skill level 18 in Hexes
 15371 | D:12     | Noticed Nergalle
 15377 | D:12     | Noticed Josephine
 15411 | D:12     | Killed Josephine
 15420 | D:12     | Killed Nergalle
 15475 | D:12     | Found an ancient bone altar of Kikubaaqudgha.
 16076 | D:13     | Noticed Nessos
 16082 | D:13     | Killed Nessos
 16099 | D:13     | Noticed a centaur warrior
 16100 | D:13     | Found a gate to the Vaults.
 16101 | D:13     | Killed a centaur warrior
 16328 | D:13     | Noticed a centaur warrior
 16331 | D:13     | Killed a centaur warrior
 16856 | D:14     | Acquired Ashenzari's fourth power
 16866 | D:14     | Found a labyrinth entrance.
 16878 | D:14     | Noticed a centaur warrior
 16883 | Lab      | Entered a labyrinth
 17174 | Lab      | Noticed a minotaur
 17181 | Lab      | Killed a minotaur
 17181 | Lab      | Reached skill level 1 in Transmutations
 17185 | Lab      | Identified the +5 falchion "Twiacevu" {freeze, rC- Dex+3 SInv} (You found it in a labyrinth)
 17213 | D:14     | Identified the cursed +0 hat of Shritridi {rElec rPois MR+ Dex-5} (You acquired it on level 14 of the Dungeon)
 17221 | D:14     | Killed a centaur warrior
 17221 | D:14     | Reached XP level 13. HP: 71/71 MP: 16/18
 17332 | D:14     | Noticed a centaur warrior
 17353 | D:14     | Killed a centaur warrior
 17360 | D:14     | Reached skill level 19 in Hexes
 17522 | D:13     | Noticed an eight-headed hydra
 17529 | D:13     | Slain by an eight-headed hydra

Action                   |  1- 3 |  4- 6 |  7- 9 | 10-12 | 13-15 || total
-------------------------+-------+-------+-------+-------+-------++-------
Melee: Dagger            |   214 |   233 |   574 |   843 |    63 ||  1927
 Cast: Corona            |    10 |       |       |     1 |       ||    11
       Ensorcelled Hiber |    20 |    19 |    56 |   105 |     5 ||   205
       Confuse           |     1 |       |    24 |    34 |     6 ||    65
       Enslavement       |       |       |     1 |    22 |       ||    23
Evoke: Wand              |       |       |       |     2 |       ||     2
  Use: Scroll            |     5 |     8 |    11 |    19 |       ||    43
       Potion            |       |       |     2 |    14 |     1 ||    17
 Stab: Sleeping          |    16 |    25 |    57 |   105 |     2 ||   205
       Confused          |     2 |       |    21 |    28 |       ||    51
       Betrayed ally     |       |       |     1 |     1 |       ||     2
       Distracted        |       |       |     3 |    14 |       ||    17
       Invisible         |       |       |       |     4 |       ||     4
  Eat: Corpse            |       |       |     1 |     3 |       ||     4
